 Dungeon Crawl Stone Soup version 0.24.0-125-gc4c63601f3 (webtiles) character file.

Game seed: 8226145114467132569, levelgen mode: deterministic

208 Divind the Slasher (level 5, -3/37 HPs)
             Began as a Demonspawn Chaos Knight on Mar 4, 2020.
             Was a Plaything of Xom.
             Killed by divine providence
             ... invoked by an orc priest
              (15 damage)
             ... on level 4 of the Dungeon.
             The game lasted 00:10:18 (2890 turns).

Divind the Slasher (Demonspawn Chaos Knight)        Turns: 2890, Time: 00:10:18

Health: -3/37      AC:  9    Str: 12 (13) XL:     5   Next: 55%
Magic:  0/4        EV:  6    Int: 13      God:    Xom [...*..]
Gold:   165        SH:  4    Dex: 11      Spells: 4/4 levels left

rFire    . . .     SeeInvis .   a - +1 falchion (chaos)
rCold    . . .     Gourm    .   (no shield)
rNeg     . . .     Faith    .   t - +0 chain mail
rPois    .         Spirit   +   (no helmet)
rElec    .         Reflect  .   (no cloak)
rCorr    .         Harm     .   (no gloves)
MR       .....                  (no boots)
Stlth    ..........             n - amulet of inaccuracy (curse)
HPRegen  0.12/turn              e - ring of attention (curse)
MPRegen  0.09/turn              (no ring)

@: no status effects
A: claws 1, large bone plates 1, clumsy 1, demonic guardian 1, frail 1, low mp
1, magic shield
a: Renounce Religion


You were on level 4 of the Dungeon.
You worshipped Xom.
You were a favourite toy of Xom.
You were not hungry.

You visited 1 branch of the dungeon, and saw 4 of its levels.

You collected 165 gold pieces.

Inventory:

Hand Weapons
 a - a +1 falchion of chaos (weapon)
 s - a +0 scimitar
Armour
 b - a +2 leather armour
 i - a +0 scale mail
 t - a +0 chain mail (worn)
Jewellery
 e - a cursed ring of attention (left claw)
 n - a cursed amulet of inaccuracy (around neck)
Scrolls
 p - 2 scrolls of magic mapping
 u - a scroll of fog {unknown}
Potions
 c - a potion of magic
 d - a potion of lignification
 g - a potion of curing
 h - a potion of brilliance
 j - a potion of heal wounds {unknown}
 k - 2 potions of flight {unknown}
 m - a potion of cancellation {unknown}
 o - a potion of invisibility {unknown}
 r - a potion of haste {unknown}
Miscellaneous
 f - a phial of floods
Comestibles
 l - 8 rations


   Skills:
 + Level 4.0 Fighting
 + Level 4.0 Long Blades
 + Level 3.0 Armour
 + Level 1.8 Dodging
 + Level 0.9 Stealth


You had 4 spell levels left.
You didn't know any spells.
Your spell library was empty.

Dungeon Overview and Level Annotations

Branches:
Dungeon (4/15)
 Temple: D:4-7

Altars:
Gozag
Hepliaklqana
Okawaru
Wu Jian
Xom


Innate Abilities, Weirdness & Mutations

You have sharp fingernails.
You are partially covered in large bone plates. (SH +4)
A weak demonic guardian rushes to your aid.
When hurt, damage is shared between your health and your magic reserves.
You are clumsy. (Dex -2)
You are frail. (-10% HP)
Your magical capacity is low. (-10% MP)


Message History

Your shadow imp barely misses something.
As you read the scroll labeled HOTERPHA QIDAE, it crumbles to dust.
You hear a voice calling someone else's name.
It was a scroll of random uselessness.
Something bites your shadow imp but does no damage.
Your shadow imp hits something but does no damage.
The orc priest casts a cantrip, but nothing happens.
You feel better. Something bites your shadow imp!
Your shadow imp gestures at the orc.
Something writhes in agony!
Reactivating autopickup.
Your Fighting skill increases to level 4!
Your Armour skill increases to level 3!
You feel a bit more experienced.
The orc priest mumbles some strange prayers to Beogh against you.
Beogh smites you!
The orc priest mumbles some strange prayers to Beogh against you.
Beogh smites you!
You die...
Xom bursts into laughter!

###.###..#.#
#.#.# # #.#
#....# #.#.# #
#.# ##.#####.#o#
# #.#
#..)....#o# #
#.# #.#######.#
# #.# #.# #o# #
#.# #.# #5# #
#.# ### #.# #
#.# #@# # #.#
#.# # #.# #.#
#.############.#
#..............#
################


You could see an orc priest, 2 orcs and a friendly shadow imp.

Vanquished Creatures
  An iguana (D:4)
  A worker ant (D:2)
  A hound skeleton (D:4)
  2 gnolls (D:4)
  An adder (D:4)
  3 worms (D:3)
  A dart slug (D:2)
  3 leopard geckos
  4 orcs
  2 giant cockroaches
  8 goblins
  9 hobgoblins
  14 jackals
  3 kobolds (D:1)
  3 quokkas
  A ball python (D:3)
  4 bats
  4 frilled lizards
  7 rats
72 creatures vanquished.

Vanquished Creatures (collateral kills)
  Jessica (D:3)
  An iguana (D:4)
  An orc (D:4)
  A hobgoblin (D:2)
  A bat (D:3)
5 creatures vanquished.

Grand Total: 77 creatures vanquished

Notes
Turn   | Place    | Note
-------+----------+-------------------------------------------
     0 | D:1      | Divind the Demonspawn Chaos Knight began the quest for the
                  | Orb.
     0 | D:1      | Reached XP level 1. HP: 18/18 MP: 1/1
    11 | D:1      | XOM: divination: detect items
   138 | D:1      | Gained mutation: A weak demonic guardian rushes to your
                  | aid. [demonic ancestry]
   138 | D:1      | Reached XP level 2. HP: 21/24 MP: 2/2
   172 | D:1      | XOM: potion effect (haste)
   201 | D:1      | XOM: summons 1 hostile demon
   257 | D:1      | Reached skill level 1 in Dodging
   283 | D:1      | XOM: 1-stop teleportation journey
   418 | D:1      | XOM: god gift: phial of floods
   474 | D:1      | XOM: noise
   700 | D:1      | Gained mutation: When hurt, damage is shared between your
                  | health and your magic reserves. [demonic ancestry]
   700 | D:1      | Reached XP level 3. HP: 24/29 MP: 3/3
   708 | D:1      | XOM: scenery: 1 doors close
   746 | D:1      | XOM: medium Tmut miscast
   776 | D:1      | Gained mutation: Your magical capacity is low. (-10% MP)
                  | [mutagenic glow]
   927 | D:1      | XOM: give mutations
   927 | D:1      | Gained mutation: You are weak. (Str -2) [Xom's mischief]
   927 | D:1      | Gained mutation: You are clumsy. (Dex -2) [Xom's mischief]
   927 | D:1      | Lost mutation: You are weak. (Str -2) [Xom's mischief]
   927 | D:1      | Gained mutation: You are frail. (-10% HP) [Xom's mischief]
   935 | D:2      | XOM: enchant monster (good)
   946 | D:2      | Found a faded altar of an unknown god.
  1091 | D:2      | Gained mutation: You have sharp fingernails. [demonic
                  | ancestry]
  1091 | D:2      | Reached XP level 4. HP: 26/33 MP: 3/3
  1422 | D:2      | XOM: scenery: create altars
  1477 | D:3      | XOM: noise
  1494 | D:3      | Noticed Jessica
  1503 | D:3      | Killed Jessica
  1621 | D:3      | Found an opulent altar of Gozag.
  1697 | D:3      | Found a hazy altar of Hepliaklqana.
  1806 | D:3      | XOM: harmless Air miscast
  1902 | D:3      | XOM: harmless Erth miscast
  2215 | D:4      | Found a shimmering altar of Xom.
  2266 | D:4      | Found an ornate altar of the Wu Jian Council.
  2290 | D:4      | Gained mutation: You are partially covered in large bone
                  | plates. (SH +4) [demonic ancestry]
  2290 | D:4      | Reached XP level 5. HP: 14/37 MP: 1/4
  2616 | D:4      | Found an iron altar of Okawaru.
  2638 | D:4      | XOM: noise
  2766 | D:4      | XOM: stat loss: -1 Str (12/13)
  2890 | D:4      | Killed from afar by an orc priest

Levels and vault maps discovered:
D:1:      lightli_arrival_statuegarden, layout_basic, hex_medium
D:2:      layout_rooms, chequers_ecumenical_altar_grove
D:3:      layout_rooms, lemuel_doored_altar, overflow_temple_1_default,
          uniq_jessica
D:4:      layout_basic, old_standard_altar, lemuel_crystal_altar,
          tso_oasis_becter, overflow_temple_1_default, first_ration,
          serial_shops, nicolae_shop_trees, okawaru_altar_gauntlet_db,
          uniq_blork_the_orc, uniq_ijyb

Skill      XL: |  1  2  3  4  5 |
---------------+----------------+-----
Dodging        | 1 |  1.8
Long Blades    | 3 4 |  4.0
Armour         | 2 3 |  3.0
Fighting       | 4 |  4.0
Stealth        | |  0.9

Action                   |  1- 3 |  4- 6 || total
-------------------------+-------+-------++-------
Melee: Falchion          |   119 |   199 ||   318
  Use: Scroll            |       |     9 ||     9
       Potion            |       |     1 ||     1
 Stab: Petrified         |       |     6 ||     6
       Petrifying        |       |     1 ||     1
       Confused          |       |     1 ||     1
  Eat: Ration            |     1 |     1 ||     2
Armor: Leather armour    |    29 |       ||    29
       Scale mail        |    18 |   107 ||   125
       Chain mail        |       |    10 ||    10
Dodge: Dodged            |    56 |   148 ||   204
Block: Other             |       |    14 ||    14
       Rpst.: Falchion   |    16 |    51 ||    67
